 Dungeon Crawl Stone Soup version 0.16.1-16-gc44b35d (webtiles) character file.

22728 Chiseanne the Grappler (level 12, -16/85 HPs)
             Began as a Troll Monk on Apr 26, 2015.
             Was the Champion of the Shining One.
             Demolished by a glaive of freezing (32 damage)
             ... on level 1 of the Abyss.
             The game lasted 00:47:52 (13301 turns).

Chiseanne the Grappler (Troll Monk)                Turns: 13301, Time: 00:47:52

Health: -16/85     AC: 10    Str: 24    XL:     12   Next: 65%
Magic:  0/12       EV: 13    Int:  4    God:    the Shining One [******]
Gold:   728        SH: 17    Dex: 13    Spells: 3 memorised, 11 levels left

rFire  + . .     SeeInvis .       - Unarmed
rCold  + . .     Rnd*Rage +     M - +1 robe {rC+}
rNeg   + + +     SustAb   .     r - +2 shield {rF+}
rPois  +         Gourm    +     e - +2 hat
rElec  .         Spirit   +     i - +1 cloak
rCorr  .         Warding  .     (gloves unavailable)
rMut   .         Stasis   .     (boots unavailable)
MR     .....                    w - amulet of guardian spirit
Stlth  +.........               C - ring of poison resistance
                                q - +5 ring of strength

@: divine shield, infused, glowing, not resistant to hostile enchantments, very
unstealthy
A: unfitting armour, claws 3, berserk 2, blurry vision 2, clumsy 1,
deterioration 3, dopey 1, fast metabolism 3, frail 3, gourmand, low mp 1,
regeneration 2, screaming 2, shaggy fur 1, slow healing 1, tough skin 2, weak 2,
no device heal 1, placid magic 3
a: Divine Shield, Cleansing Flame, Summon Divine Warrior, Renounce Religion


You were on level 1 of the Abyss.
You worshipped the Shining One.
The Shining One was exalted by your worship.
You were not hungry.

You visited 1 branch of the dungeon, and saw 14 of its levels.
You visited the Abyss 1 time.

You collected 728 gold pieces.

Inventory:

Hand weapons
 a - a +4 flail of crushing
 s - a +3 scimitar of flaming
Missiles
 t - 11 tomahawks (quivered)
 B - 4 steel tomahawks
Armour
 e - a +2 hat (worn)
 i - a +1 cloak (worn)
 r - a +2 shield of fire resistance (worn)
 M - a +1 robe of cold resistance (worn)
Jewellery
 d - an uncursed amulet of resist mutation
 q - a +5 ring of strength (left claw)
 w - an amulet of guardian spirit (around neck)
 y - an uncursed ring of fire
 z - an uncursed ring of protection from fire
 C - a ring of poison resistance (right claw)
 J - an uncursed ring of wizardry
 P - an uncursed ring of sustain abilities
Magical devices
 E - a wand of hasting (4)
 K - a wand of digging (16)
Scrolls
 g - 4 scrolls of teleportation
 k - a scroll of blinking
 p - 4 scrolls of magic mapping
 x - 2 scrolls of fear
 D - 2 scrolls of remove curse
 F - a scroll of identify
 I - a scroll of fog
Potions
 c - a potion of might
 h - 6 potions of restore abilities
 l - 2 potions of cure mutation
 n - 4 potions of curing
 o - a potion of cancellation
 v - 2 potions of ambrosia
 L - a potion of resistance
Books
 u - a book of the Warp

   Spells                             Type                      Level
   a - Recall                         Summoning/Translocation      3
   b - Control Teleport               Charms/Translocation         4
   c - Force Lance                    Conjuration/Translocation    4
   d - Phase Shift                    Translocation                5
   e - Warp Weapon                    Charms/Translocation         5
   f - Gell's Gravitas                Hexes/Translocation          5
   g - Summon Forest                  Summoning/Translocation      5
 H - a book of Battle

   Spells                             Type                      Level
   a - Infusion                       Charms                       1
   b - Shroud of Golubria             Charms/Translocation         2
   c - Song of Slaying                Charms                       2
   d - Spectral Weapon                Hexes/Charms                 3
   e - Regeneration                   Charms/Necromancy            3
Comestibles
 b - 7 meat rations
 f - 6 fruits
 m - 2 beef jerkies
 A - 10 bread rations
 G - 2 royal jellies


   Skills:
 * Level 8.8 Fighting
 - Level 3.3 Throwing
 * Level 10.8 Dodging
 - Level 1.1 Stealth
 * Level 3.3 Shields
 * Level 11.9 Unarmed Combat
 - Level 2.9 Spellcasting
 - Level 3.0 Charms


You had 11 spell levels left.
You knew the following spells:

 Your Spells              Type           Power        Failure   Level  Hunger
a - Infusion              Chrm           #.....       10%         1    ##.....
b - Song of Slaying       Chrm           #.......     28%         2    ###....
c - Shroud of Golubria    Chrm/Tloc      #.........   67%         2    ###....


Dungeon Overview and Level Annotations

Branches:
Dungeon (14/15)            Temple (0/1) D:7            Lair (0/8) D:10
    Orc (0/4) D:10
 Vaults: D:13-14

Altars:
Ashenzari
Elyvilon
Makhleb
Nemelex Xobeh
Okawaru
Ru
Xom
The Shining One

Shops:
D:10 ([


Innate Abilities, Weirdness & Mutations

You are too large for most types of armour.
You have claws for hands.
Your metabolism is lightning-fast.
You like to eat raw meat.
You heal very quickly.
You are covered in fur (AC +1).
You have very tough skin (AC +2).
[You often lose your temper in combat.]
[Scrolls take you longer to read.]
[You are clumsy. (Dex -2)]
[Your body is rapidly deteriorating.]
[You are dopey. (Int -2)]
[You are extremely frail (-30% HP).]
[Your magical capacity is low (-10% MP).]
[You sometimes yell uncontrollably at your foes.]
[You heal slowly when monsters are visible.]
[You are very weak. (Str -4)]
[Potions and wands are less effective at restoring your health.]
[Your spells are much easier to cast, but much less powerful.]


Message History

You feel yourself wasting away.
You feel your body start to fall apart.
You completely miss the glaive of freezing.
The glaive of freezing is moderately damaged.
The glaive of freezing hits you but does no damage.
The wretched star pulses with an eldritch light!
Your natural healing is weakened.
Your vision blurs.
You barely miss the glaive of freezing.
The glaive of freezing is moderately damaged.
Casting: Infusion
Confirm with . or Enter, or press ? or * to list all spells.
You begin infusing your attacks with magical energy.
You block the glaive of freezing's attack.
You block the glaive of freezing's attack.
You scratch the glaive of freezing.
The glaive of freezing is moderately damaged.
You block the glaive of freezing's attack.
You closely miss the glaive of freezing.
The glaive of freezing is moderately damaged.
The glaive of freezing hits you!!
You die...

... # # .#
......##.. ## # ....
# # .## #.......#.#
#.#.## .. .*.##
##.♣...# #......≈≈
.≈#.≈###.. #.....
.≈≈≈...≈≈≈≈.#≈
......#####(≈.......
#### ###...@.#$ ..##
##..#..#.. # ##.#..#
# #.#.## .# ##### #


You could see a glaive of freezing.

Vanquished Creatures
  Azrael (D:14)
  A centaur warrior (D:13)
  Erica (D:11)
  2 tengu warriors (D:11)
  4 hill giants
  Erolcha (D:9)
  An orc knight (D:10)
  Pikel (D:7)
  A manticore (D:12)
  An ugly thing (D:12)
  Joseph (D:9)
  A gargoyle (D:13)
  A centaur zombie (D:12)
  An efreet (D:13)
  A spiny frog (D:10)
  Psyche (D:8)
  3 trolls
  A two-headed ogre (D:14)
  2 ravens (D:11)
  A shadow (D:12)
  2 wraiths
  A spriggan (D:8)
  A deep elf mage (D:13)
  8 yaks (D:13)
  A fire elemental (D:14)
  2 wyverns
  6 hippogriffs
  A hungry ghost (D:11)
  4 vampire mosquitoes (D:13)
  A mottled dragon (D:12)
  A soldier ant (D:13)
  2 ice beasts (D:5)
  3 hell hounds (D:14)
  5 orc warriors
  3 sky beasts
  A slave (D:7)
  2 black bears
  A crocodile (D:12)
  6 phantoms
  2 wasps
  6 ogres
  4 vampire mosquito zombies (D:13)
  13 centaurs
  3 wyvern zombies
  3 big kobolds
  9 giant frogs
  A gnoll sergeant (D:10)
  2 wyvern skeletons (D:12)
  3 scorpions
  4 killer bees
  3 electric eels (D:8)
  7 wights
  A goliath beetle (D:7)
  3 jellies
  4 crimson imps
  A quasit (D:9)
  3 centaur skeletons
  5 hounds
  8 orc priests
  A giant frog skeleton (D:5)
  A giant frog zombie (D:8)
  3 iguanas
  14 worker ants
  14 orc wizards
  A hound zombie (D:11)
  Robin (D:3)
  8 gnolls
  13 adders
  5 shadow imps
  3 giant mites
  A worm (D:4)
  5 adder skeletons
  7 giant geckos
  3 oozes
  64 orcs
  A ball python (D:5)
  2 bat skeletons
  7 giant cockroaches
  10 hobgoblins
  8 jackals
  4 quokkas
  15 bats
  6 giant newts
  A giant spore (D:9)
  16 goblins
  A jackal skeleton (D:5)
  20 kobolds
  2 orc zombies
  A quokka zombie (D:5)
  15 rats
  7 ballistomycetes
423 creatures vanquished.

Vanquished Creatures (others)
  A two-headed ogre (D:14)
  A hell hound (D:14)
  A killer bee (D:8)
  An electric eel (D:8)
  A hound skeleton (D:8)
  2 adders (D:8)
  A hobgoblin (D:8)
  A giant spore (D:8)
  A kobold (D:7)
  A ballistomycete (D:8)
11 creatures vanquished.

Grand Total: 434 creatures vanquished

Notes
Turn   | Place    | Note
--------------------------------------------------------------
     0 | D:1      | Chiseanne, the Troll Monk, began the quest for the Orb.
     0 | D:1      | Reached XP level 1. HP: 22/22 MP: 1/1
   218 | D:1      | Reached XP level 2. HP: 29/29 MP: 1/1
   686 | D:2      | Reached XP level 3. HP: 36/36 MP: 2/2
  1580 | D:3      | Reached skill level 5 in Unarmed Combat
  1580 | D:3      | Reached XP level 4. HP: 39/44 MP: 2/2
  1724 | D:3      | Noticed a centaur
  1749 | D:3      | Killed a centaur
  1749 | D:3      | Reached XP level 5. HP: 8/53 MP: 2/2
  1958 | D:3      | Noticed Robin
  1976 | D:3      | Killed Robin
  2250 | D:4      | Reached XP level 6. HP: 37/61 MP: 3/3
  2273 | D:4      | Found a glowing golden altar of the Shining One.
  2329 | D:4      | Became a worshipper of the Shining One
  2329 | D:4      | Acquired the Shining One's first power
  2329 | D:4      | Acquired the Shining One's second power
  2338 | D:4      | Noticed an ogre
  2345 | D:4      | Killed an ogre
  2542 | D:4      | Noticed an ogre
  2548 | D:4      | Killed an ogre
  2684 | D:4      | Reached skill level 6 in Unarmed Combat
  2799 | D:5      | Entered Level 5 of the Dungeon
  2805 | D:5      | Reached XP level 7. HP: 57/68 MP: 3/3
  3005 | D:5      | Reached skill level 1 in Throwing
  3201 | D:5      | Reached skill level 5 in Dodging
  3326 | D:5      | Reached XP level 8. HP: 71/79 MP: 3/3
  3627 | D:5      | Reached skill level 7 in Unarmed Combat
  4582 | D:6      | Reached skill level 5 in Fighting
  4780 | D:6      | Found a sparkling altar of Nemelex Xobeh.
  4853 | D:6      | Found a burning altar of Makhleb.
  4853 | D:6      | Found an iron altar of Okawaru.
  4854 | D:6      | Found a sacrificial altar of Ru.
  5162 | D:6      | Found a shattered altar of Ashenzari.
  5570 | D:7      | Noticed Pikel
  5584 | D:7      | Killed Pikel
  5584 | D:7      | Reached skill level 8 in Unarmed Combat
  5584 | D:7      | Reached XP level 9. HP: 81/88 MP: 4/4
  5800 | D:7      | Identified a scroll of acquirement
  5814 | D:7      | Found a staircase to the Ecumenical Temple.
  6332 | D:7      | Learned a level 1 spell: Infusion
  6386 | D:8      | Acquired the Shining One's third power
  6642 | D:8      | Noticed Psyche
  6648 | D:8      | Killed Psyche
  6652 | D:8      | Found a shimmering altar of Xom.
  6661 | D:8      | Reached skill level 9 in Unarmed Combat
  6661 | D:8      | Reached skill level 1 in Spellcasting
  6729 | D:8      | Reached skill level 1 in Charms
  6890 | D:8      | Reached XP level 10. HP: 96/98 MP: 7/7
  7368 | D:9      | Noticed Joseph
  7378 | D:9      | Killed Joseph
  7546 | D:9      | Noticed Erolcha
  7555 | D:9      | Killed Erolcha
  7572 | D:9      | Found a white marble altar of Elyvilon.
  7956 | D:9      | Acquired the Shining One's fourth power
  8324 | D:10     | Entered Level 10 of the Dungeon
  8346 | D:10     | Reached skill level 10 in Unarmed Combat
  8438 | D:10     | Found a staircase to the Lair.
  8715 | D:10     | Reached XP level 11. HP: 98/109 MP: 11/11
  8978 | D:10     | Noticed an orc knight
  8978 | D:10     | Was placed under penance by the Shining One
  8981 | D:10     | Found Clemun's Weapon Boutique.
  8983 | D:10     | Found a staircase to the Orcish Mines.
  8985 | D:10     | Found Qaocaibo's Armour Boutique.
  8997 | D:10     | Killed an orc knight
  9414 | D:10     | Noticed a hill giant
  9423 | D:10     | Killed a hill giant
  9568 | D:11     | Learned a level 2 spell: Song of Slaying
  9571 | D:11     | Learned a level 2 spell: Shroud of Golubria
  9584 | D:11     | Noticed Erica
  9597 | D:11     | Killed Erica
  9695 | D:11     | Found an iron altar of Okawaru.
  9933 | D:11     | Noticed a hill giant
  9942 | D:11     | Killed a hill giant
 10087 | D:11     | Was forgiven by the Shining One
 10571 | D:11     | Noticed a tengu warrior
 10575 | D:11     | Noticed a tengu warrior
 10589 | D:11     | Killed a tengu warrior
 10593 | D:11     | Killed a tengu warrior
 11052 | D:12     | Noticed a hill giant
 11061 | D:12     | Killed a hill giant
 11061 | D:12     | Reached skill level 11 in Unarmed Combat
 11130 | D:12     | Noticed a hill giant
 11141 | D:12     | Killed a hill giant
 11141 | D:12     | Reached skill level 10 in Dodging
 11141 | D:12     | Reached skill level 1 in Shields
 11282 | D:12     | Reached XP level 12. HP: 95/120 MP: 14/14
 12538 | D:13     | Noticed a centaur warrior
 12558 | D:13     | Killed a centaur warrior
 13012 | D:14     | Noticed Azrael
 13029 | D:14     | Killed Azrael
 13127 | D:14     | Noticed an ogre mage
 13162 | D:14     | HP: 9/183 [ogre mage/bolt of lightning (22)]
 13165 | D:14     | Cast into the Abyss (an ogre mage)
 13165 | Abyss:1  | Found a corrupted altar of Lugonu.
 13301 | Abyss:1  | Demolished by a glaive of freezing

Action                   |  1- 3 |  4- 6 |  7- 9 | 10-12 || total
-------------------------+-------+-------+-------+-------++-------
Melee: Unarmed           |   107 |    98 |   303 |   592 ||  1100
       Scimitar          |       |       |       |    20 ||    20
Throw: Tomahawk          |       |    10 |    29 |    35 ||    74
 Cast: Infusion          |       |       |       |     9 ||     9
       Song of Slaying   |       |       |       |     2 ||     2
       Shroud of Golubri |       |       |       |     1 ||     1
Invok: Divine Shield     |       |       |     2 |     2 ||     4
  Use: Scroll            |       |       |    24 |    16 ||    40
       Potion            |       |       |     3 |    14 ||    17
  Eat: Chunk             |    19 |    12 |    37 |    63 ||   131
